 Dungeon Crawl Stone Soup version 0.18-a0-1273-g8ec5f8e (webtiles) character file.

41 Chiseanne the Skirmisher (level 3, -1/31 HPs)
             Began as a Centaur Air Elementalist on Feb 7, 2016.
             Slain by Natasha (4 damage)
             ... on level 2 of the Dungeon.
             The game lasted 00:02:15 (1454 turns).

Chiseanne the Skirmisher (Centaur Air Elementalist) Turns: 1454, Time: 00:02:15

Health: -1/31      AC:  5    Str: 10    XL:     3   Next: 32%
Magic:  1/5        EV:  9    Int: 15    God:
Gold:   63         SH:  0    Dex:  9    Spells: 2 memorised, 2 levels left

rFire  . . .     SeeInvis .     h - +0 short sword
rCold  . . .     Gourm    .     a - +0 robe
rNeg   . . .     Faith    .     (no shield)
rPois  .         Spirit   .     (no helmet)
rElec  .         Dismiss  .     m - +0 cloak
rCorr  .         Reflect  .     (no gloves)
SustAt .         Harm     .     (no barding)
MR     .....                    (no amulet)
Stlth  +.........               (no ring)
                                (no ring)

@: repel missiles, very quick, not resistant to hostile enchantments, very
unstealthy
A: hooves 3, deformed body, speed 2, tough skin 3
a: no special abilities


You were on level 2 of the Dungeon.
You were hungry.

You visited 1 branch of the dungeon, and saw 2 of its levels.

You collected 63 gold pieces.

Inventory:

Hand Weapons
 h - a +0 short sword (weapon)
Armour
 a - a +0 robe (worn)
 m - a +0 cloak (worn)
Scrolls
 d - a scroll of fear
Potions
 e - 2 potions of curing
 g - a potion of flight
 l - a potion of heal wounds {unknown}
Books
 b - a book of Air

   Spells                             Type                      Level
   a - Shock                          Conjuration/Air              1
   b - Swiftness                      Charms/Air                   2
   c - Repel Missiles                 Charms/Air                   2
   d - Static Discharge               Conjuration/Air              3
   e - Lightning Bolt                 Conjuration/Air              5
Miscellaneous
 i - a plain deck of escape
Comestibles
 c - a bread ration
 f - 2 royal jellies
 k - a meat ration


   Skills:
 + Level 3.0 Fighting
 - Level 1.3 Dodging
 - Level 1.2 Stealth
 - Level 1.5 Spellcasting
 - Level 0.8 Conjurations
 - Level 2.6 Air Magic


You had 2 spell levels left.
You knew the following spells:

 Your Spells              Type           Power        Failure   Level  Hunger
a - Shock                 Conj/Air       #...         12%         1    ##.....
b - Repel Missiles        Chrm/Air       #.....       21%         2    ###....


Dungeon Overview and Level Annotations

Branches:
Dungeon (2/15)

Altars:
Nemelex Xobeh

Annotations:
D:2 Natasha


Innate Abilities, Weirdness & Mutations

You have hooves in place of feet.
Armour fits poorly on your strangely shaped body.
You cover ground very quickly.
You have extremely tough skin (AC +3).


Message History

Natasha is moderately wounded.
Natasha claws you. The shadow imp hits you.
You hit Natasha. Your kick misses Natasha.
Natasha is heavily wounded.
Natasha stares at you and mumbles some strange words.
The magic dart hits you! The shadow imp hits you.
You hit Natasha.
Natasha is severely wounded.
Natasha claws you! The shadow imp hits you.
* * * LOW HITPOINT WARNING * * *
You miss Natasha. Your kick misses Natasha.
Natasha is severely wounded.
Natasha casts a spell.
The shadow imp shouts, "Remove thy stench, thou rank folly-fallen donkey!"
The shadow imp hits you.
* * * LOW HITPOINT WARNING * * *
You barely miss Natasha. Your kick misses Natasha.
Natasha is severely wounded.
Natasha claws you.
You die...

## #. #. #. #. ##### #.
############...##########.
......5.h@5...............
........####...##########.
#######'# ##### #. ... #.
#.... ## #...h. #......
#....... ..%...r..


You could see Natasha, a crimson imp and a shadow imp.

Vanquished Creatures
  Natasha (D:2)
  A giant gecko (D:1)
  A ball python (D:1)
  A giant cockroach (D:1)
  2 hobgoblins (D:1)
  2 jackals (D:1)
  3 kobolds
  2 giant newts
  3 rats (D:1)
16 creatures vanquished.

Notes
Turn   | Place    | Note
--------------------------------------------------------------
     0 | D:1      | Chiseanne the Centaur Air Elementalist began the quest for the Orb.
     0 | D:1      | Reached XP level 1. HP: 14/14 MP: 3/3
   118 | D:1      | Reached skill level 1 in Fighting
   174 | D:1      | Found a sparkling altar of Nemelex Xobeh.
   350 | D:1      | Reached XP level 2. HP: 16/24 MP: 4/4
  1043 | D:2      | Noticed Natasha
  1056 | D:2      | Noticed a crimson imp
  1057 | D:2      | Killed Natasha
  1057 | D:2      | Reached skill level 3 in Fighting
  1057 | D:2      | Reached XP level 3. HP: 5/31 MP: 0/5
  1376 | D:2      | Learned a level 2 spell: Repel Missiles
  1441 | D:2      | Noticed Natasha
  1454 | D:2      | Slain by Natasha

Vault maps used:
D:1:      lordsloth_arrival_two_stooges, nemelex_deck
D:2:      nicolae_tso_swordbearing_angel, uniq_natasha, uniq_terence

Action                   || total
-------------------------++-------
Melee: Short sword       ||    68
       Unarmed           ||     2
 Cast: Shock             ||    18
       Repel Missiles    ||     1
  Use: Scroll            ||     5
  Eat: Chunk             ||     1
